 Dungeon Crawl Stone Soup version 0.27-a0-1181-g5f64966fcc (webtiles) character file.

Game seed: 8384249711581803434

158 Shayle the Skirmisher (level 5, 0/41 HPs)
             Began as a Demonspawn Warper on May 17, 2021.
             Shot with an arrow by a centaur (3 damage)
             ... on level 4 of the Dungeon.
             The game lasted 00:05:04 (2936 turns).

Shayle the Skirmisher (Demonspawn Warper)           Turns: 2936, Time: 00:05:04

Health: 0/41       AC:  5    Str: 12    XL:     5   Next: 16%
Magic:  8/8        EV: 11    Int: 15    God:
Gold:   98         SH:  0    Dex: 18    Spells: 8/8 levels left

rFire    . . .     SeeInvis .   g - +0 long sword
rCold    . . .     Faith    .   (no shield)
rNeg     . . .     Spirit   .   o - +0 ring mail
rPois    .         Reflect  .   (no helmet)
rElec    .         Harm     .   (no cloak)
rCorr    .         Rampage  .   (no gloves)
Will     .....                  (no boots)
Stlth    +.........             (no amulet)
HPRegen  0.13/turn              m - +4 ring of slaying
MPRegen  0.11/turn              d - +6 ring of dexterity

@: no status effects
A: claws 1, powered by death 1
a: no special abilities


You were on level 4 of the Dungeon.
You visited 1 branch of the dungeon, and saw 4 of its levels.

You collected 98 gold pieces.

Inventory:

Hand Weapons
 a - a +0 falchion
 g - a +0 long sword (weapon)
Armour
 b - a +0 leather armour
 o - a +0 ring mail (worn)
Jewellery
 d - a +6 ring of dexterity (right claw)
 m - a +4 ring of slaying (left claw)
Scrolls
 e - a scroll of holy word {unknown}
 j - 4 scrolls of teleportation {unknown}
 k - a scroll of noise {unknown}
 p - a scroll of enchant weapon {unknown}
Potions
 c - a potion of cancellation
 i - a potion of flight
 l - a potion of lignification


   Skills:
 + Level 3.5 Fighting
 + Level 3.1 Long Blades
 + Level 2.6 Throwing
 - Level 0.8 Armour
 - Level 1.7 Dodging
 - Level 2.0 Spellcasting
 - Level 2.6 Translocations


You had 8 spell levels left.
You didn't know any spells.
Your spell library contained the following spells:

 Spells                   Type           Power      Damage    Failure   Level
 Blink                    Tloc           N/A        N/A       26%         2
 Magic Dart               Conj           4%         1d3       45%         1
 Gell's Gravitas          Tloc           4%         N/A       45%         3
 Lesser Beckoning         Tloc           4%         N/A       45%         3
 Teleport Other           Tloc           9%         N/A       45%         3
 Searing Ray              Conj           2%         3d3       58%         2
 Dazzling Flash           Conj/Hex       2%         N/A       83%         3
 Iskenderun's Mystic Bla  Conj/Tloc      5%         2d3       96%         4
 Fulminant Prism          Conj/Hex       0%         3d6       99%         4
 Manifold Assault         Tloc           9%         N/A       99%         5


Dungeon Overview and Level Annotations

Branches:
Dungeon (4/15)
 Temple: D:4-7

Altars:
Okawaru

Shops:
D:1 [

Annotations:
D:3 1 transporter, HendSelp's ghost, amateur DrMo; Sigmund


Innate Abilities, Weirdness & Mutations

You have sharp fingernails.
You regenerate a little health from kills.


Message History

l - a potion of lignification
As you read the scroll of identify, it crumbles to dust.
n - a potion of curing Really quaff the potion of lignification?
Okay, then.
Unknown command.
The jelly hits you but does no damage.
You barely miss the jelly. The jelly misses you.
The jelly hits you but does no damage.
You slash the jelly!
Your claws burn!
The jelly is heavily wounded.
The jelly hits you but does no damage.
You hit the jelly.
Your claws burn!
The jelly is severely wounded.
The jelly hits you but does no damage.
You slash the jelly!
You kill the jelly!
You have reached level 5!
j - 4 scrolls labelled YLEUFOWNOK (gained 1)
An orc and a centaur come into view.
The centaur shouts!
The orc shouts!
The centaur wields a +0 shortbow.
The centaur shoots an arrow.
The arrow hits you.
An orc priest comes into view. It is wielding a +0 club.
You hear a shout! x2
A centaur comes into view.
The centaur shoots an arrow.
The arrow hits you!
The centaur wields a +1 shortbow of freezing.
It is covered in frost.
The centaur shoots an arrow.
The arrow hits you.
* * * LOW HITPOINT WARNING * * *
The arrow freezes you.
* * * LOW HITPOINT WARNING * * *
The centaur shoots an arrow.
The arrow hits you.
* * * LOW HITPOINT WARNING * * *
You hear a shout! x2
Okay, then.
You feel better.
The centaur shoots an arrow.
The arrow hits you!
* * * LOW HITPOINT WARNING * * *
The arrow freezes you.
You die...

# #. .# ..#
#....####.....##.. ..##
#......( .#.#...$###....
.#......#.............#
.........##...........
#....# #............. .
#....# #.#.........# ..
#....###.#.....)...##...
#.##.##.........@.....#.
#.##.)...).#............
#........##........###..
#..#....................
..<#.###........##.##...
.....#....#.#..## ..# ..
#..#...#.#<.##.# #.c# .
................ .c..
..########..##.# #.#..


You could see 2 centaurs.

Vanquished Creatures
  A centaur zombie (D:4)
  2 jellies (D:4)
  A gnoll (D:1)
  2 adders (D:2)
  A worm (D:2)
  An adder skeleton (D:4)
  5 bats
  3 endoplasms
  4 goblins
  4 hobgoblins
  4 jackals (D:1)
  2 ball pythons (D:2)
  2 kobolds (D:2)
  3 rats (D:1)
35 creatures vanquished.

Notes
Turn   | Place    | Note
-------+----------+-------------------------------------------
     0 | D:1      | Shayle the Demonspawn Warper began the quest for the Orb.
     0 | D:1      | Reached XP level 1. HP: 16/16 MP: 3/3
   195 | D:1      | Reached skill level 1 in Throwing
   637 | D:1      | Found Hueliv's Antique Armour Emporium.
   684 | D:1      | Gained mutation: You regenerate a little health from kills.
                  | [demonic ancestry]
   684 | D:1      | Reached XP level 2. HP: 22/22 MP: 5/5
  1053 | D:1      | Reached XP level 3. HP: 28/28 MP: 6/6
  1383 | D:2      | Found an iron altar of Okawaru.
  2294 | D:2      | Found a faded altar of an unknown god.
  2807 | D:3      | Noticed a centaur
  2808 | D:3      | Found a transporter.
  2808 | D:3      | Noticed HendSelp's ghost (amateur DrMo)
  2820 | D:3      | Noticed Sigmund
  2841 | D:4      | Gained mutation: You have sharp fingernails. [demonic
                  | ancestry]
  2841 | D:4      | Reached XP level 4. HP: 5/35 MP: 7/7
  2928 | D:4      | Reached XP level 5. HP: 26/41 MP: 8/8
  2933 | D:4      | Noticed a centaur
  2934 | D:4      | Noticed a centaur
  2936 | D:4      | Shot with an arrow by a centaur

Illustrated notes

Levels and vault maps discovered:
D:1:      dpeg_arrival_circle_labyrinth_c, layout_basic, serial_shops,
          shop_statue, minmay_stone_trees_medium, hangedman_decor_points,
          chequers_mini_garden, serial_bayou_lagoon_a
D:2:      layout_loops_ring, basic_ecumenical_altar, basic_altar
D:3:      layout_basic, gammafunk_ghost_arena, uniq_sigmund
D:4:      layout_rooms, minmay_temple_entry_grid, serial_shops,
          nicolae_shop_statue_plus, minmay_manual_mares

Skill      XL: |  1  2  3  4 |
---------------+-------------+-----
Throwing       | 1 2 |  2.6
Long Blades    | 2 3 |  3.1
Fighting       | 3 |  3.5
Armour         | |  0.8
Dodging        | |  1.7
Spellcasting   | |  2.0
Translocations | |  2.6

Action                   |  1- 3 |  4- 6 || total
-------------------------+-------+-------++-------
Melee: Long sword        |    74 |    10 ||    84
       Falchion          |     6 |       ||     6
Throw: Boomerang         |     5 |       ||     5
  Use: Scroll            |     1 |     4 ||     5
       Potion            |     1 |     1 ||     2
Armor: Leather armour    |    40 |       ||    40
       Ring mail         |     1 |     6 ||     7
Dodge: Dodged            |    48 |     6 ||    54
       Rpst.: Long sword |    16 |     1 ||    17
       Falchion          |     1 |       ||     1

Table legend: (Time is in decaauts)
 A = Elapsed time spent in this place.
 B = Non-inter-level travel time spent in this place.
 C = Inter-level travel time spent in this place.
 D = Time resting spent in this place.
 E = Time spent auto-exploring this place.
 F = Levels seen in this place.
 G = Mean time per level.
                   A        B        C        D        E       F      G
               +--------+--------+--------+--------+--------+-----+--------+
         Total |   2962 |   2881 |     81 |    514 |   1904 |   4 |  740.5 |
       Dungeon |   2962 |   2881 |     81 |    514 |   1904 |   4 |  740.5 |
               +--------+--------+--------+--------+--------+-----+--------+

Top non-repeatable levels by time:
     D:1: 1400 daAuts
     D:2: 911 daAuts
     D:3: 539 daAuts
     D:4: 111 daAuts
